 Dungeon Crawl Stone Soup version 0.30.1-3-gfc49f6343a (webtiles) character file.

Game seed: 10842056816460850712

28 pendulumcrow the Trooper (level 2, 0/27 HPs)
             Began as a Draconian Berserker on Aug 6, 2023.
             Was a Follower of Trog.
             Succumbed to a goblin's poison
             ... on level 2 of the Dungeon.
             The game lasted 00:05:28 (999 turns).

pendulumcrow the Trooper (Draconian Berserker)       Turns: 999, Time: 00:05:29

Health: 0/27       AC:  4    Str: 19    XL:     2   Next: 96%
Magic:  2/2        EV: 12    Int:  7    God:    Trog [*.....]
Gold:   41         SH:  0    Dex: 10    Spells: 1/1 levels left

rFire   . . .        a - +0 falchion
rCold   . . .        (no shield)
rNeg    . . .        (body armour unavailable)
rPois   .            (helmet restricted)
rElec   .            (no cloak)
rCorr   .            (no gloves)
SInv    .            (no boots)
Will    .....        (no amulet)
Stlth   +            (no ring)
HPRegen 0.24/turn    (no ring)
MPRegen 0.08/turn

%: no passive effects
@: lethally poisoned (0 -> -3)
A: AC +4, unfitting armour, cold-blooded
a: Renounce Religion, Berserk


You were on level 2 of the Dungeon.
You worshipped Trog.
Trog was aware of your devotion.
You visited 1 branch of the dungeon, and saw 2 of its levels.

You collected 41 gold pieces.

Inventory:

Hand Weapons
 a - a +0 falchion (weapon)
Scrolls
 b - 2 scrolls of identify {unknown}
 d - a scroll of fog {unknown}
 h - a scroll of poison {unknown}
Potions
 c - a potion of flight {unknown}
 e - a potion of berserk rage {unknown}
 f - a potion of lignification {unknown}
 g - a potion of curing {unknown}


   Skills:
 + Level 3.7 Fighting
 + Level 3.4 Long Blades
 + Level 3.1 Dodging


You had one spell level left.
You didn't know any spells.
Your spell library was empty.

Dungeon Overview and Level Annotations

Branches:
Dungeon (2/15)

Altars:

Shops:
D:1 *


Innate Abilities, Weirdness & Mutations

Your plain brown scales are hard. (AC +4)
You cannot fit into any form of body armour.
You are cold-blooded and may be slowed by cold attacks.


Message History

There is a stone staircase leading up here.
You hit the kobold.
You kill the kobold!
Trog accepts your kill.
You hit the goblin.
The goblin is moderately wounded.
The goblin closely misses you.
You barely miss the goblin.
The goblin is moderately wounded.
The goblin hits you with a +2 dagger of venom.
You are poisoned.
The gnoll barely misses you.
You hit the goblin.
You kill the goblin!
Trog accepts your kill.
You feel very sick.
The gnoll hits you from afar with a +0 spear.
You barely miss the gnoll.
You feel sick. The gnoll barely misses you. The gnoll closely misses you.
You completely miss the gnoll.
Your tail-slap misses the gnoll.
You punch the gnoll.
The gnoll is lightly wounded.
You feel sick. The gnoll barely misses you. x2
The gnoll hits you from afar with a +0 spear.
You hit the gnoll.
The gnoll is moderately wounded.
You feel sick. The gnoll closely misses you. The gnoll barely misses you.
The gnoll closely misses you.
The quokka twitches its whiskers.
You closely miss the gnoll.
The gnoll is moderately wounded.
You feel sick. The gnoll hits you with a +0 whip.
* * * LOW HITPOINT WARNING * * *
The gnoll misses you. The gnoll closely misses you.
The gnoll hits you from afar with a +0 spear.
* * * LOW HITPOINT WARNING * * *
The gnoll hits you from afar with a +0 spear.
* * * LOW HITPOINT WARNING * * *
The gnoll misses you.
You die...

##.######
........# #@#
#g#
#....glg...#
#.....r.....#
#............#
#............r
##............
#........>...
.....$......#


You could see 3 gnolls, a quokka and a frilled lizard.

Vanquished Creatures
  A gnoll (D:1)
  A bat (D:1)
  2 endoplasms (D:1)
  3 goblins
  A hobgoblin (D:1)
  2 jackals (D:1)
  A quokka (D:1)
  2 ball pythons (D:1)
  A frilled lizard (D:1)
  2 kobolds
16 creatures vanquished.

Notes
Turn   | Place    | Note
-------+----------+-------------------------------------------
     0 | D:1      | pendulumcrow the Draconian Berserker began the quest for
                  | the Orb.
     0 | D:1      | Reached XP level 1. HP: 19/19 MP: 1/1
    54 | D:1      | Found Dirimudd's General Store.
    74 | D:1      | Reached XP level 2. HP: 18/26 MP: 2/2
   191 | D:1      | Found a faded altar of an unknown god.
   998 | D:2      | HP: 1/27 [gnoll/+0 spear (3)]
   999 | D:2      | Succumbed to a goblin's poison

Illustrated notes

Levels and vault maps discovered:
D:1:      spicycebolla_green_bress_n_ham_2, layout_basic,
          basic_ecumenical_altar, serial_shops, nicolae_square_shop
D:2:      layout_loops_ring

Skill      XL: |  1  2 |
---------------+-------+-----
Dodging        | 3 |  3.1
Fighting       | |  3.7
Long Blades    | |  3.4

Action                     || total
---------------------------++-------
  Melee: Falchion          ||    52
         Tailslap          ||     4
         Punch             ||     1
 Armour: Skin              ||    10
  Dodge: Dodged            ||    45
